PAA
MERCER ISLAND SCREAMING EAGLES @ CASPER GHOSTS
05/26/2034
 
TOP OF THE 1ST
Mercer Island Screaming Eagles batting - Pitching for Casper Ghosts : RHP Huibrecht Bik
Pitching: RHP Huibrecht Bik
Batting: RHB Terry John 0-0: Foul Ball, location: 2F
0-1: Ball
1-1: Ball
2-1: SINGLE (Groundball, 34D)
Batting: RHB Dejmi Dumervil 0-0: Called Strike
0-1: Fly out, F6 (Line Drive, 6)
Batting: RHB Juan Reyes 0-0: Ball
Terry John steals 2nd base
1-0: Called Strike
1-1: Ball
2-1: Fly out, F8 (Flyball, 8LM)
Batting: RHB Omer Yurtseven 0-0: Ball
1-0: Called Strike
1-1: Swinging Strike
1-2: Ball
2-2: Ball
3-2: Fly out, F9 (Flyball, 9S)
Top of the 1st over - 0 runs, 1 hit, 0 errors, 1 left on base; Mercer Island 0 - Casper 0
BOTTOM OF THE 1ST
Casper Ghosts batting - Pitching for Mercer Island Screaming Eagles : RHP Dan Taylor
Pitching: RHP Dan Taylor
Batting: RHB Armando Pacheco 0-0: Ball
1-0: Foul Ball, location: 2F
1-1: Ball
2-1: SINGLE (Groundball, 34D)
Batting: RHB Adrijan Markovski 0-0: Ball
1-0: Swinging Strike
1-1: Called Strike
1-2: Strikes out swinging
Batting: LHB Marcus Shill 0-0: Ball
Armando Pacheco steals 2nd base
1-0: Ball
2-0: Ball
3-0: Called Strike
3-1: Ground out 4-3 (Groundball, 34)
Armando Pacheco to third
Batting: LHB Badry Maksimenov 0-0: Ball
1-0: Ball
2-0: Called Strike
2-1: DOUBLE (Flyball, 8LXD)
Armando Pacheco scores
Batting: RHB Jeff Mouton 0-0: Swinging Strike
0-1: Swinging Strike
0-2: Strikes out looking
Bottom of the 1st over - 1 run, 2 hits, 0 errors, 1 left on base; Mercer Island 0 - Casper 1
TOP OF THE 2ND
Mercer Island Screaming Eagles batting - Pitching for Casper Ghosts : RHP Huibrecht Bik
Batting: RHB Emílio Ramírez 0-0: Ground out 5-3 (Groundball, 56)
Batting: RHB Alfredo García 0-0: Ball
1-0: Ground out 4-3 (Groundball, 4MS)
Batting: RHB Ed Bowers 0-0: Ball
1-0: Ground out U3 (Groundball, 34)
Top of the 2nd over - 0 runs, 0 hits, 0 errors, 0 left on base; Mercer Island 0 - Casper 1
BOTTOM OF THE 2ND
Casper Ghosts batting - Pitching for Mercer Island Screaming Eagles : RHP Dan Taylor
Batting: LHB Ronald Anderson 0-0: Ball
1-0: Foul Ball, location: 2F
1-1: Ball
2-1: Fly out, F4 (Line Drive, 4)
Batting: RHB Steve Weber 0-0: Ground out 2-3 (Groundball, 15S)
Batting: RHB José Reyes 0-0: Called Strike
0-1: Called Strike
0-2: Strikes out swinging
Bottom of the 2nd over - 0 runs, 0 hits, 0 errors, 0 left on base; Mercer Island 0 - Casper 1
TOP OF THE 3RD
Mercer Island Screaming Eagles batting - Pitching for Casper Ghosts : RHP Huibrecht Bik
Batting: RHB Oliver Burrell 0-0: Called Strike
0-1: Swinging Strike
0-2: Foul Ball, location: 2F
0-2: Ball
1-2: Ball
2-2: Ground out 6-3 (Groundball, 6)
Batting: SHB Serious Lee 0-0: Foul Ball, location: 2F
0-1: Ball
1-1: Called Strike
1-2: Ball
2-2: DOUBLE (Line Drive, 89XD)
Batting: RHB Terry John 0-0: Foul Ball, location: 2F
0-1: Called Strike
0-2: Ball
1-2: Ball
2-2: Foul Ball, location: 2F
2-2: Ball
3-2: Strikes out swinging
Batting: RHB Dejmi Dumervil 0-0: Ball
1-0: Called Strike
1-1: Swinging Strike
1-2: Foul Ball, location: 2F
1-2: Fly out, F8 (Flyball, 8RM)
Top of the 3rd over - 0 runs, 1 hit, 0 errors, 1 left on base; Mercer Island 0 - Casper 1
BOTTOM OF THE 3RD
Casper Ghosts batting - Pitching for Mercer Island Screaming Eagles : RHP Dan Taylor
Batting: RHB Tatsui Kiyomizu 0-0: Fly out, F8 (Line Drive, 8RD)
Batting: RHB Armando Pacheco 0-0: Ball
1-0: Ball
2-0: SINGLE (Groundball, 56D)
Batting: RHB Adrijan Markovski 0-0: Ball
1-0: Ball
2-0: Called Strike
2-1: Reached on error, E4 (Groundball, 4)
Armando Pacheco to second
Batting: LHB Marcus Shill 0-0: Ball
Armando Pacheco is caught stealing 3rd base
1-0: Called Strike
1-1: Foul Ball, location: 2F
1-2: Strikes out swinging
Bottom of the 3rd over - 0 runs, 1 hit, 1 error, 1 left on base; Mercer Island 0 - Casper 1
TOP OF THE 4TH
Mercer Island Screaming Eagles batting - Pitching for Casper Ghosts : RHP Huibrecht Bik
Batting: RHB Juan Reyes 0-0: Fly out, F8 (Flyball, 78XD)
Batting: RHB Omer Yurtseven 0-0: Ball
1-0: Foul Ball, location: 2F
1-1: Swinging Strike
1-2: Ball
2-2: Fly out, F4 (Line Drive, 4)
Batting: RHB Emílio Ramírez 0-0: Foul Ball, location: 2F
0-1: Ball
1-1: Swinging Strike
1-2: Foul Ball, location: 2F
1-2: Strikes out looking
Top of the 4th over - 0 runs, 0 hits, 0 errors, 0 left on base; Mercer Island 0 - Casper 1
BOTTOM OF THE 4TH
Casper Ghosts batting - Pitching for Mercer Island Screaming Eagles : RHP Dan Taylor
Batting: LHB Badry Maksimenov 0-0: Called Strike
0-1: SINGLE (Groundball, 4S) (infield hit)
Batting: RHB Jeff Mouton 0-0: Ball
1-0: Ball
2-0: Foul Ball, location: 2F
2-1: Swinging Strike
2-2: Grounds into double play, 5-4-3 (Groundball, 5)
Batting: LHB Ronald Anderson 0-0: Ball
1-0: Ball
2-0: Foul Ball, location: 2F
2-1: Ball
3-1: Base on Balls
Batting: RHB Steve Weber 0-0: Called Strike
Ronald Anderson steals 2nd base
0-1: Called Strike
0-2: Foul Ball, location: 2F
0-2: Ball
1-2: Ball
2-2: SINGLE (Line Drive, 5D)
Ronald Anderson to third
Runner from 3rd tries for Home, SAFE, no throw
Batting: RHB José Reyes 0-0: Swinging Strike
0-1: Ground out 1-3 (Groundball, 13)
Bottom of the 4th over - 1 run, 2 hits, 0 errors, 1 left on base; Mercer Island 0 - Casper 2
TOP OF THE 5TH
Mercer Island Screaming Eagles batting - Pitching for Casper Ghosts : RHP Huibrecht Bik
Batting: RHB Alfredo García 0-0: Ball
1-0: Called Strike
1-1: Ground out U3 (Groundball, 34S)
Batting: RHB Ed Bowers 0-0: Called Strike
0-1: Fly out, F9 (Line Drive, 9)
Batting: RHB Oliver Burrell 0-0: Ball
1-0: Called Strike
1-1: Swinging Strike
1-2: Ball
2-2: Foul Ball, location: 2F
2-2: Foul Ball, location: 2F
2-2: Ball
3-2: Strikes out swinging
Top of the 5th over - 0 runs, 0 hits, 0 errors, 0 left on base; Mercer Island 0 - Casper 2
BOTTOM OF THE 5TH
Casper Ghosts batting - Pitching for Mercer Island Screaming Eagles : RHP Dan Taylor
Batting: RHB Tatsui Kiyomizu 0-0: Called Strike
0-1: Called Strike
0-2: Foul Ball, location: 2F
0-2: Ball
1-2: Foul Ball, location: 2F
1-2: Strikes out swinging
Batting: RHB Armando Pacheco 0-0: Called Strike
0-1: Foul Ball, location: 2F
0-2: Foul Ball, location: 2F
0-2: Ball
1-2: Foul Ball, location: 2F
1-2: Ball
2-2: Ball
3-2: Foul Ball, location: 2F
3-2: DOUBLE (Flyball, 89XD)
Batting: RHB Adrijan Markovski 0-0: 2-RUN HOME RUN (Flyball, 7D), Distance : 382 ft
Batting: LHB Marcus Shill 0-0: Swinging Strike
0-1: Ball
1-1: Foul Ball, location: 2F
1-2: Strikes out swinging
Batting: LHB Badry Maksimenov 0-0: Ball
1-0: Ball
2-0: Ball
3-0: Called Strike
3-1: Ground out U3 (Groundball, 3)
Bottom of the 5th over - 2 runs, 2 hits, 0 errors, 0 left on base; Mercer Island 0 - Casper 4
TOP OF THE 6TH
Mercer Island Screaming Eagles batting - Pitching for Casper Ghosts : RHP Huibrecht Bik
Batting: SHB Serious Lee 0-0: Fly out, F6 (Popup, 4MD)
Batting: RHB Terry John 0-0: Ground out 5-3 (Groundball, 56)
Batting: RHB Dejmi Dumervil 0-0: Swinging Strike
0-1: Called Strike
0-2: Ball
1-2: Strikes out looking
Top of the 6th over - 0 runs, 0 hits, 0 errors, 0 left on base; Mercer Island 0 - Casper 4
BOTTOM OF THE 6TH
Casper Ghosts batting - Pitching for Mercer Island Screaming Eagles : RHP Dan Taylor
Batting: RHB Jeff Mouton 0-0: SINGLE (Groundball, 56D)
Batting: LHB Ronald Anderson 0-0: Sac Bunt - play at first, batter OUT! 1-3
Jeff Mouton to second
Batting: RHB Steve Weber 0-0: Ball
1-0: Called Strike
1-1: Ball
2-1: Ball
3-1: Foul Ball, location: 2F
3-2: Base on Balls
Pitching: LHP Mario López
Batting: RHB José Reyes 0-0: Ball
1-0: Called Strike
1-1: Fly out, F6 (Line Drive, 6M)
Batting: RHB Tatsui Kiyomizu 0-0: Fly out, F9 (Line Drive, 9S)
Bottom of the 6th over - 0 runs, 1 hit, 0 errors, 2 left on base; Mercer Island 0 - Casper 4
TOP OF THE 7TH
Mercer Island Screaming Eagles batting - Pitching for Casper Ghosts : RHP Huibrecht Bik
Batting: RHB Juan Reyes 0-0: Foul Ball, location: 2F
0-1: Fly out, F7 (Flyball, 78M)
Batting: RHB Omer Yurtseven 0-0: Ball
1-0: Foul Ball, location: 2F
1-1: Ball
2-1: Foul Ball, location: 2F
2-2: Ground out 5-3 (Groundball, 56S)
Batting: RHB Emílio Ramírez 0-0: Called Strike
0-1: Ball
1-1: Ball
2-1: Foul Ball, location: 2F
2-2: Ground out 5-3 (Groundball, 56)
Top of the 7th over - 0 runs, 0 hits, 0 errors, 0 left on base; Mercer Island 0 - Casper 4
BOTTOM OF THE 7TH
Casper Ghosts batting - Pitching for Mercer Island Screaming Eagles : LHP Mario López
Batting: RHB Armando Pacheco 0-0: Called Strike
0-1: Ball
1-1: Ball
2-1: Foul Ball, location: 2F
2-2: Ball
3-2: Foul Ball, location: 2F
3-2: Fly out, F8 (Flyball, 89M)
Batting: RHB Adrijan Markovski 0-0: Called Strike
0-1: Ball
1-1: Ball
2-1: Called Strike
2-2: Foul Ball, location: 2F
2-2: Ground out 5-3 (Groundball, 5S)
Batting: LHB Marcus Shill 0-0: Ball
1-0: Swinging Strike
1-1: Swinging Strike
1-2: Foul Ball, location: 2F
1-2: Ball
2-2: Strikes out swinging
Bottom of the 7th over - 0 runs, 0 hits, 0 errors, 0 left on base; Mercer Island 0 - Casper 4
TOP OF THE 8TH
Mercer Island Screaming Eagles batting - Pitching for Casper Ghosts : RHP Huibrecht Bik
Pitching: RHP Robert Cagle
Batting: RHB Alfredo García 0-0: Foul Ball, location: 2F
0-1: Swinging Strike
0-2: Ball
1-2: Foul Ball, location: 2F
1-2: Ball
2-2: Fly out, F8 (Line Drive, 8LM)
Batting: RHB Ed Bowers 0-0: Ball
1-0: Ground out 5-3 (Groundball, 56S)
Batting: RHB Oliver Burrell 0-0: Ball
1-0: Foul Ball, location: 2F
1-1: Foul Ball, location: 2F
1-2: Foul Ball, location: 2F
1-2: Foul Ball, location: 2F
1-2: Foul Ball, location: 2F
1-2: Ball
2-2: Ball
3-2: Fly out, F5 (Popup, 5SF)
Top of the 8th over - 0 runs, 0 hits, 0 errors, 0 left on base; Mercer Island 0 - Casper 4
BOTTOM OF THE 8TH
Casper Ghosts batting - Pitching for Mercer Island Screaming Eagles : LHP Mario López
Batting: LHB Badry Maksimenov 0-0: Called Strike
0-1: Ball
1-1: Called Strike
1-2: Fly out, F9 (Flyball, 89M)
Batting: RHB Jeff Mouton 0-0: Ball
1-0: Ball
2-0: Called Strike
2-1: Ground out 5-3 (Groundball, 56)
Batting: LHB Ronald Anderson 0-0: Ball
1-0: Ball
2-0: Called Strike
2-1: Ball
3-1: Foul Ball, location: 2F
3-2: Ground out 4-3 (Groundball, 4)
Bottom of the 8th over - 0 runs, 0 hits, 0 errors, 0 left on base; Mercer Island 0 - Casper 4
TOP OF THE 9TH
Mercer Island Screaming Eagles batting - Pitching for Casper Ghosts : RHP Robert Cagle
Batting: SHB Serious Lee 0-0: SINGLE (Line Drive, 89S)
Batting: RHB Terry John 0-0: Ball
1-0: Called Strike
1-1: Ball
2-1: Ball
3-1: Fly out, F4 (Popup, 4MD)
Batting: RHB Dejmi Dumervil 0-0: Ball
1-0: Ball
2-0: Ball
3-0: Base on Balls
Serious Lee to second
Batting: RHB Juan Reyes 0-0: Ball
1-0: Foul Ball, location: 2F
1-1: Called Strike
1-2: Fly out, F4 (Popup, 13)
Batting: RHB Omer Yurtseven 0-0: Foul Ball, location: 2F
0-1: SINGLE (Groundball, 56D)
Serious Lee to third
Dejmi Dumervil to second
Batting: RHB Emílio Ramírez 0-0: Called Strike
0-1: Fly out, F7 (Flyball, 7D)
Top of the 9th over - 0 runs, 2 hits, 0 errors, 3 left on base; Mercer Island 0 - Casper 4
Friday, March 29th, 2019 - OOTP Baseball 18.8 Build 76